 Dungeon Crawl Stone Soup version 0.21-a0-372-gd0ff781 (webtiles) character file.

126 pichaelthompson the Charmwright (level 5, -3/34 HPs)
             Began as an Octopode Skald on Oct 16, 2017.
             Splashed by a jelly's acid (7 damage)
             ... on level 4 of the Dungeon.
             The game lasted 00:07:14 (3178 turns).

pichaelthompson the Charmwright (Octopode Skald)    Turns: 3178, Time: 00:07:17

Health: -3/34      AC: -3    Str: 11    XL:     5   Next: 10%
Magic:  8/8        EV: 14    Int: 15    God:
Gold:   231        SH:  0    Dex: 12    Spells: 1/8 levels left

rFire    . . .     SeeInvis .   a - +0 spear
rCold    + . .     Gourm    .   (no shield)
rNeg     . . .     Faith    .   (helmet restricted)
rPois    .         Spirit   .   (no amulet)
rElec    .         Reflect  .   q - ring of protection from cold (curse)
rCorr    .         Harm     .   (no ring)
MR       .....                  (no ring)
Stlth    +++.......             (no ring)
HPRegen  0.11/turn              (no ring)
MPRegen  0.11/turn              (no ring)
                                (no ring)
                                (no ring)

@: corroded
A: almost no armour, stealthy swim, amphibious, 8 rings, constrict 8, camouflage
1, gelatinous body 1
a: no special abilities


You were on level 4 of the Dungeon.
You were very hungry.

You visited 1 branch of the dungeon, and saw 4 of its levels.

You collected 231 gold pieces.

Inventory:

Hand Weapons
 a - a +0 spear (weapon)
 r - a +3 short sword
Jewellery
 q - a cursed ring of protection from cold (left tentacle)
Scrolls
 d - a scroll of fog {unknown}
 e - 6 scrolls of teleportation {unknown}
 f - a scroll of enchant weapon {unknown}
 i - 2 scrolls of random uselessness {unknown}
 l - 2 scrolls of remove curse {unknown}
 m - a scroll of recharging {unknown}
 n - 5 scrolls of identify {unknown}
 o - a scroll of blinking {unknown}
 p - a scroll of amnesia {unknown}
Potions
 k - a potion of invisibility {unknown}
 t - a potion of heal wounds {unknown}
Books
 b - a book of Battle

   Spells                             Type                      Level
   a - Infusion                       Charms                       1
   b - Shroud of Golubria             Charms/Translocation         2
   c - Song of Slaying                Charms                       2
   d - Spectral Weapon                Hexes/Charms                 3
   e - Regeneration                   Charms/Necromancy            3
 s - a book of Maledictions

   Spells                             Type                      Level
   a - Corona                         Hexes                        1
   b - Ensorcelled Hibernation        Hexes/Ice                    2
   c - Confuse                        Hexes                        3
   d - Tukima's Dance                 Hexes                        3
   e - Dazzling Spray                 Conjuration/Hexes            3
Comestibles
 c - 6 bread rations
 g - 8 fruits
 h - a royal jelly
 j - a meat ration


   Skills:
 + Level 2.2 Fighting
 + Level 2.9 Polearms
 + Level 2.6 Dodging
 + Level 1.9 Stealth
 * Level 2.4 Spellcasting
 * Level 1.0 Hexes
 * Level 3.9 Charms
 * Level 0.3 Necromancy


You had one spell level left.
You knew the following spells:

 Your Spells              Type           Power        Failure   Level  Hunger
a - Infusion              Chrm           ##..         4%          1    #......
b - Spectral Weapon       Hex/Chrm       #.......     22%         3    ###....
c - Regeneration          Chrm/Necr      #.........   26%         3    ###....


Dungeon Overview and Level Annotations

Branches:
Dungeon (4/15)
 Temple: D:4-7

Altars:
Fedhas
Qazlal


Innate Abilities, Weirdness & Mutations

You cannot wear most types of armour.
You are very stealthy in the water. (Stealth+)
You are amphibious.
You can wear up to eight rings at the same time.
You can use your tentacles to constrict eight enemies at once.
Your skin changes colour to match your surroundings (Stealth+).
Your rubbery body absorbs attacks. (AC +1, EV +1)


Message History

You hit the jelly but do no damage.
Your tentacles burn!
You squeeze the jelly, but do no damage.
The jelly is moderately wounded.
The jelly hits you.
You are splashed with acid!
The acid burns!
You hit the jelly.
Your tentacles burn!
* * * LOW HITPOINT WARNING * * *
The jelly is heavily wounded.
You are feeling very hungry.
The jelly barely misses you.
You hit the jelly.
Your tentacles burn!
* * * LOW HITPOINT WARNING * * *
The jelly is heavily wounded.
The jelly completely misses you.
You hit the jelly.
Your tentacles burn!
* * * LOW HITPOINT WARNING * * *
The jelly is severely wounded.
The jelly hits you.
* * * LOW HITPOINT WARNING * * *
The acid corrodes you!
You are splashed with acid!
The acid burns!
You die...

#. #.##.# #.#.# #.
#..#.### #.#.# #.
#......# #.#.# #.
#....#.###.#.#
####.###.............
............####.####
####.####..## #.#
#.J#......# #.#
#@#####.# #.#
#.#####.# #.#
#.#.....# #.####
#.#.##### #.....
#.#.# ###...
#.#.###########.#.
#.#...<.....#.......
#........##.#.###...
#####.##.##...# #...


You could see a jelly.

Vanquished Creatures
  An iguana (D:4)
  A gnoll (D:1)
  2 adders
  3 oozes
  2 worms (D:2)
  A dart slug (D:1)
  2 leopard geckos (D:3)
  An orc (D:3)
  4 giant cockroaches
  7 hobgoblins
  6 bats
  8 frilled lizards
  5 goblins
  4 kobolds
  8 rats
55 creatures vanquished.

Notes
Turn   | Place    | Note
-------+----------+-------------------------------------------
     0 | D:1      | pichaelthompson the Octopode Skald began the quest for the Orb.
     0 | D:1      | Reached XP level 1. HP: 14/14 MP: 3/3
   149 | D:1      | Reached XP level 2. HP: 19/19 MP: 5/5
   360 | D:1      | Reached XP level 3. HP: 11/24 MP: 6/6
   365 | D:1      | Learned a level 3 spell: Spectral Weapon
  1451 | D:2      | Reached skill level 1 in Stealth
  1477 | D:2      | Reached XP level 4. HP: 29/29 MP: 7/7
  1646 | D:2      | Found a faded altar of an unknown god.
  1752 | D:3      | Found a stormy altar of Qazlal.
  2328 | D:3      | Found a blossoming altar of Fedhas.
  2634 | D:4      | Learned a level 3 spell: Regeneration
  2659 | D:4      | Reached skill level 1 in Hexes
  2659 | D:4      | Reached XP level 5. HP: 15/34 MP: 8/8
  3178 | D:4      | Splashed by a jelly's acid

Vault maps used:
D:1:      dpeg_arrival_long_road, minmay_misc_feat_x
D:2:      chequers_ecumenical_altar_grove, first_bread,
          minmay_misc_feat_enclosed
D:3:      fedhas_altar_1, lemuel_crystal_altar, serial_aquarium,
          aquarium_bridge_long_separate, aquarium_window_corridor_2,
          aquarium_window_1, aquarium_window_1, aquarium_window_1,
          aquarium_view_2a, aquarium_pool_double
D:4:      elyvilon_altar_4, lemuel_coloured_pillars_altar

Skill      XL: |  1  2  3  4 |
---------------+-------------+-----
Stealth        | 1 |  1.9
Hexes          | 1 |  1.0
Fighting       | |  2.2
Polearms       | |  2.9
Dodging        | |  2.6
Spellcasting   | |  2.4
Charms         | |  3.9
Necromancy     | |  0.3

Action                   |  1- 3 |  4- 6 || total
-------------------------+-------+-------++-------
Melee: Spear             |    62 |    78 ||   140
       Constrict         |    13 |    16 ||    29
       Tentacles         |     7 |    14 ||    21
 Stab: Sleeping          |     7 |     8 ||    15
  Eat: Chunk             |     2 |     4 ||     6
Armor: Skin              |       |     9 ||     9
Dodge: Dodged            |    36 |    38 ||    74

Table legend:
 A = Spawn XP
 B = Non-spawn XP
 C = Spawn XP percentage of total XP
 D = Spawn monster count
 E = Non-spawn monster count
 F = Spawn count percentage of total count
 G = Total turns spent on level
                    A         B        C        D         E        F      G
               +---------+---------+-------+---------+---------+-------+---------
         Total |       0 |     181 |   0.0 |       0 |      55 |   0.0 |  3178
               +---------+---------+-------+---------+---------+-------+---------
           D:1 |       0 |      42 |   0.0 |       0 |      19 |   0.0 |  1147
           D:2 |       0 |      53 |   0.0 |       0 |      16 |   0.0 |   601
           D:3 |       0 |      41 |   0.0 |       0 |      16 |   0.0 |   849
           D:4 |       0 |      45 |   0.0 |       0 |       4 |   0.0 |   581
               +---------+---------+-------+---------+---------+-------+---------
